[Event "Early-Titled-Tuesday-Blitz-January-30-2024"]
[Site "Chess.com"]
[Date "2024.01.30"]
[Round "2"]
[White "Klavdia_Nik"]
[Black "WindWhistler11"]
[Result "0-1"]
[WhiteElo "2137"]
[BlackElo "2476"]
[TimeControl "180+1"]
[EndTime "8:18:47 PST"]
[Termination "WindWhistler11 won by resignation"]

1. Nf3 Nf6 2. c4 d6 3. b3 Nbd7 4. d4 e5 5. dxe5 dxe5 6. Bb2 e4 7. Nd4 Bb4+ 8. Nc3 e3 9. f3 O-O 10. g3 c5 11. Nc2 Ne4 12. fxe4 Qf6 13. Nxe3 Bxc3+ 14.
Bxc3 Qxc3+ 15. Kf2 Nf6 16. Bg2 Be6 17. Qc1 Qd4 18.
Rd1 Ng4+ 19. Kf3 Nxh2+ 20. Kf2 Ng4+ 21. Kf3 Qf6+ 22. Nf5 Ne5+ 23. Ke3 Bxf5 24. exf5 Ng4+ 25. Kf4 h5 26. Rd5 Rae8 27. e4 Qh6+ 28. Kf3 Qf6 29. Rb1 Ne5+ 30. Kf2 Rd8 31. Qf4 Rxd5 32. cxd5 Nd3+ 0-1

[Event "Early-Titled-Tuesday-Blitz-January-30-2024"]
[Site "Chess.com"]
[Date "2024.01.30"]
[Round "2"]
[White "AsselLesbekova"]
[Black "BigAl"]
[Result "0-1"]
[WhiteElo "2302"]
[BlackElo "2538"]
[TimeControl "180+1"]
[EndTime "8:18:48 PST"]
[Termination "BigAl won by checkmate"]

1. e4 c6 2. d4 d5 3. e5 Bf5 4.
Nd2 c5 5. dxc5 Nc6 6. Ngf3 e6 7.
Nb3 Bg4 8. Bf4 Nge7 9. Bb5 Ng6 10. Bxc6+ bxc6 11. Bg3 h5 12. h3 h4 13. hxg4 hxg3 14. Rxh8 gxf2+ 15. Kxf2 Nxh8 16. Qh1 Ng6 17. Qh7 Qc7 18. Nh4 Nxe5 19. Nf3 Nxg4+ 20. Kg1 Qf4 21. Rf1 Qe3+ 22. Kh1 O-O-O 23. Qh4 Nh6 24. Ng5 Be7 25. Qa4 Kd7 26. Qxa7+ Ke8 27. Nh3 Nf5 28. Rf3 Qe1+ 29. Kh2 Bf6 30. Nf4 Be5 31. Na5 Bxf4+ 32. Rxf4 Qg3+ 33.
Kg1 Qxf4 34. Nxc6 Qe3+ 35. Kh2 Qg3+ 36. Kg1 Rc8 37. Nb4 Ne3 38. Qa4+ Kf8 39. Qd7 Qxg2# 0-1

[Event "Early-Titled-Tuesday-Blitz-January-30-2024"]
[Site "Chess.com"]
[Date "2024.01.30"]
[Round "2"]
[White "BelyakovBogdan"]
[Black "bubeliang"]
[Result "1-0"]
[WhiteElo "2530"]
[BlackElo "2769"]
[TimeControl "180+1"]
[EndTime "8:18:49 PST"]
[Termination "BelyakovBogdan won by checkmate"]

1. e4 c6 2. d4 d5 3. exd5 cxd5 4. Bd3 Nc6 5. c3 Qc7 6. h3 g6 7. Nf3 Nf6 8. O-O Bf5 9. Be2 Bg7 10. Be3 O-O 11. Nbd2 Rfe8 12. Re1 Ne4 13. Qc1 Rac8 14. Nxe4 Bxe4 15. Bf4 Qd7 16. Qd2 h5 17. Rac1 Bxf3 18. Bxf3 e6 19. Bh6 Ne7 20. Bxg7 Kxg7 21. Qg5 Kh8 22.
Qh6+ Kg8 23. g4 h4 24. Re2 Nc6 25. Rce1 Qd8 26. g5 Qd6 27. Qxh4 Kg7 28. Qh6+ Kg8 29. Kg2 Ne7 30. Bg4 Nc6 31. Re3 Qf8 32. Qh4 Kg7 33. Rf3 Qh8 34. Qg3 Re7 35. Qf4 Kg8 36. h4 Rce8 37.
h5 gxh5 38. Rh1 e5 39. Qf5 exd4 40. Rxh5 Qg7 41. Rfh3 dxc3 42. Qf6 Re4 43. Rh8+ Qxh8 44. Rxh8# 1-0

[Event "Early-Titled-Tuesday-Blitz-January-30-2024"]
[Site "Chess.com"]
[Date "2024.01.30"]
[Round "2"]
[White "Elsa167"]
[Black "dcann0n88"]
[Result "1-0"]
[WhiteElo "2843"]
[BlackElo "2443"]
[TimeControl "180+1"]
[EndTime "8:18:49 PST"]
[Termination "Elsa167 won by resignation"]

1. d4 Nf6 2. c4 c5 3. d5 e5 4. Nc3 d6 5. e4 Nbd7 6. g3 g6 7. Bg2 Bg7 8. Nf3 O-O 9. O-O a6 10.
a4 Ne8 11. Ne1 h6 12. Nd3 Rb8 13. Be3 Nc7 14. Qd2 Kh7 15. a5 b6 16. axb6 Rxb6 17.
f4 exf4 18. gxf4 f5 19. e5 dxe5 20. Nxc5 exf4 21. Rxf4 Ne5 22. Rd1 g5 23. Rd4 f4 24.
Bf2 f3 25. Bf1 Ng4 26. Rxg4 Bxg4 27. d6 Ne6 28. Nxe6 Bxe6 29. c5 Rb4 30. c6 Rg4+ 31. Kh1 Rg2 32. Bxg2 fxg2+ 33. Kg1 Qf6 34. d7 Bg4 35.
d8=Q Rxd8 36. Qxd8 Bxd1 37. Qxf6 Bxf6 38. Nxd1 1-0

[Event "Early-Titled-Tuesday-Blitz-January-30-2024"]
[Site "Chess.com"]
[Date "2024.01.30"]
[Round "2"]
[White "viktorskliarov"]
[Black "LyonBeast"]
[Result "0-1"]
[WhiteElo "2676"]
[BlackElo "3159"]
[TimeControl "180+1"]
[EndTime "8:18:50 PST"]
[Termination "LyonBeast won on time"]

1. e4 c5 2. Nf3 Nc6 3. Bb5 e6 4. Bxc6 bxc6 5. d3 Ne7 6. O-O f6 7. Re1 e5 8. c3 Ng6 9. d4 cxd4 10.
cxd4 Be7 11. d5 cxd5 12. Qxd5 Rb8 13. Nc3 Bb7 14. Qc4 Qa5 15. Be3 Bc6 16. b3 Rb4 17. Qd3 O-O 18. a3 Rbb8 19. b4 Qc7 20.
Rac1 Qb7 21. Red1 Rfc8 22. h4 h5 23. Nd5 Ba4 24. Re1 Bf8 25. g3 Ne7 26. Nxe7+ Bxe7 27. Kg2 Bc6 28. Bc5 Re8 29. Bxe7 Rxe7 30. Qd6 Re6 31. Qd3 d5 32. Rxc6 Rxc6 33. Qxd5+ Kh8 34. Rd1 Rc3 35.
Qxb7 Rxb7 36. Rd8+ Kh7 37. Ra8 Rxa3 38. Ne1 Rc3 39. f3 Rxb4 40. Rxa7 Rb2+ 41. Kf1 Rc1 0-1

[Event "Early-Titled-Tuesday-Blitz-January-30-2024"]
[Site "Chess.com"]
[Date "2024.01.30"]
[Round "2"]
[White "GOGIEFF"]
[Black "VinzentSpitzl"]
[Result "1-0"]
[WhiteElo "2992"]
[BlackElo "2617"]
[TimeControl "180+1"]
[EndTime "8:18:50 PST"]
[Termination "GOGIEFF won on time"]

1. d4 Nf6 2. c4 e6 3. Nf3 d5 4. Nc3 Bb4 5. Qa4+ Nc6 6. e3 O-O 7. Bd2 Re8 8. Qc2 h6 9. Rd1 a6 10. Be2 Bf8 11. O-O dxc4 12. Bxc4 e5 13. dxe5 Nxe5 14.
Nxe5 Rxe5 15. e4 Qe8 16. Bf4 Re7 17. Rfe1 Be6 18. Bxe6 Rxe6 19. Bxc7 Rc8 20. Bg3 Bb4 21. f3 Rec6 22. Qb3 Bxc3 23. bxc3 b5 24. Re3 Nd7 25.
e5 Nc5 26. Qb4 Na4 27. Rdd3 Qe6 28. a3 Nb6 29. Rd6 Rxd6 30. Qxd6 Nc4 31. Qxe6 fxe6 32. Rd3 Nxa3 33. Rd6 a5 34. Rxe6 Rxc3 35. Ra6 Nc4 36. e6 Re3 37. Kf2 a4 38. Bf4 Rd3 39. Ra8+ Kh7 40. e7 1-0

[Event "Early-Titled-Tuesday-Blitz-January-30-2024"]
[Site "Chess.com"]
[Date "2024.01.30"]
[Round "2"]
[White "Der_Balak_3Halak"]
[Black "ahkashefi2800"]
[Result "0-1"]
[WhiteElo "2334"]
[BlackElo "2553"]
[TimeControl "180+1"]
[EndTime "8:18:50 PST"]
[Termination "ahkashefi2800 won by checkmate"]

1. e4 c6 2. d4 d5 3. exd5 cxd5 4. Bd3 Nc6 5. c3 Nf6 6. Bf4 Bg4 7. f3 Bh5 8. Ne2 e6 9. O-O Bd6 10. Re1 Bg6 11. Bxg6 hxg6 12. Qd2 g5 13. Bg3 g4 14. Bxd6 Qxd6 15. Qf4 Qxf4 16. Nxf4 gxf3 17. gxf3 O-O-O 18. Nd2 Rh4 19. Ng2 Rh3 20. Nf4 Rh6 21. Kg2 Rdh8 22.
Rh1 Rh4 23. Ne2 Ne7 24. Nf1 Nf5 25. Neg3 Nd6 26. Ne3 Nh5 27. Nxh5 R8xh5 28. Rag1 g6 29. h3 Kd7 30. b3 Nb5 31. Rc1 b6 32. a4 Nd6 33. a5 bxa5 34. Ra1 Nb7 35. b4 axb4 36.
cxb4 Kc6 37. Rxa7 Rxd4 38. b5+ Kb6 39. Rha1 Rg5+ 40. Kf2 Rd2+ 41. Ke1 Rh2 42. Nf1 Rg1 43.
R7a6+ Kxb5 44. Ra7 Nd6 45. Rc7 Rxf1+ 46. Kxf1 Rh1+ 47.
Kg2 Rxa1 48. Rd7 Kc6 49. Re7 Ra2+ 50. Kf1 Kc5 51. Rc7+ Kd4 52. Rd7 Nf5 53. Rxf7 Ng3+ 54. Ke1 Kd3 55. Rf6 Nh1 56. Kf1 Ng3+ 57. Ke1 Nf5 58. Kd1 Ra1# 0-1

[Event "Early-Titled-Tuesday-Blitz-January-30-2024"]
[Site "Chess.com"]
[Date "2024.01.30"]
[Round "2"]
[White "YoreDea"]
[Black "iwanyu"]
[Result "0-1"]
[WhiteElo "2568"]
[BlackElo "2848"]
[TimeControl "180+1"]
[EndTime "8:18:51 PST"]
[Termination "iwanyu won on time"]

1. d4 Nf6 2. Nf3 c5 3. d5 b5 4. a4 b4 5. c4 g6 6. b3 Bg7 7.
Bb2 O-O 8. Nbd2 d6 9. Qc2 e5 10. e3 Nh5 11. h3 f5 12. Be2 e4 13. Nh2 f4 14. Bxh5 fxe3 15. Nxe4 gxh5 16. Bxg7 exf2+ 17. Kf1 Kxg7 18. Nf3 Bf5 19. Qb2+ Kg8 20. Nxf2 Nd7 21. Re1 Qf6 22. Qxf6 Nxf6 23. Kg1 Bc2 24. Nd2 Rae8 25. Rc1 Bg6 26. Kf1 h4 27. Nf3 Nh5 28. Kg1 Ng3 29. Kh2 Nxh1 30. Nxh1 Re3 31. Nxh4 Rxb3 32. Re1 Rc3 33.
Re6 Be8 34. Ng3 b3 35. Ngf5 b2 36.
Re7 b1=Q 0-1

[Event "Early-Titled-Tuesday-Blitz-January-30-2024"]
[Site "Chess.com"]
[Date "2024.01.30"]
[Round "2"]
[White "GelmanAlexander"]
[Black "RCone"]
[Result "1-0"]
[WhiteElo "2792"]
[BlackElo "2412"]
[TimeControl "180+1"]
[EndTime "8:18:51 PST"]
[Termination "GelmanAlexander won by resignation"]

1. c4 Nf6 2. Nf3 g6 3. e3 Bg7 4. Be2 d6 5. Nc3 O-O 6. d3 Nc6 7. a3 e5 8. Qc2 a5 9. h3 h6 10. Rb1 Be6 11. b4 axb4 12. axb4 Nh7 13. b5 Ne7 14. Bb2 f5 15. d4 e4 16. Nd2 g5 17.
g4 Ng6 18. gxf5 Bxf5 19. Ncxe4 Qe7 20. Bd3 Nh4 21. Rg1 Rae8 22. Rg3 Kh8 23. d5 Be5 24. Bxe5+ Qxe5 25. Qb2 Qxb2 26. Rxb2 Re7 27. b6 cxb6 28. Rxb6 Rfe8 29. Rxd6 Bxe4 30. Bxe4 Rxe4 31. Nxe4 Rxe4 32. Rxh6 Kg7 33. Rb6 Rxc4 34. Rxb7+ Kg6 35. Kd2 Nf6 36. Kd3 Rc1 37. f4 Rd1+ 38. Ke2 Rxd5 39. Rb6 Rf5 40. Kd3 Kh5 41. fxg5 Rxg5 42. Rxg5+ Kxg5 43. Rb5+ Kg6 44. e4 Nh5 45. Ke3 Ng2+ 46. Kf3 Ngf4 47. Kg4 Kf6 48. Rf5+ Ke6 49. Rxf4 Ng7 50. h4 Ke5 51. Kf3 Ne6 52.
Rf5+ Kd6 53. Kg4 Nd4 54. Rd5+ 1-0

[Event "Early-Titled-Tuesday-Blitz-January-30-2024"]
[Site "Chess.com"]
[Date "2024.01.30"]
[Round "2"]
[White "chipmunknau"]
[Black "BashirliSaadat"]
[Result "1-0"]
[WhiteElo "2753"]
[BlackElo "2401"]
[TimeControl "180+1"]
[EndTime "8:18:51 PST"]
[Termination "chipmunknau won on time"]

1. Nf3 d5 2. g3 Nf6 3. Bg2 c6 4. c4 Bg4 5. Ne5 Bf5 6. cxd5 cxd5 7. Qb3 Nbd7 8. d4 Nxe5 9. dxe5 Ne4 10. f3 Rc8 11.
O-O Nc5 12. Qd1 e6 13. Nc3 Be7 14. Nb5 a6 15. Nd4 Bg6 16. Kh1 O-O 17. f4 Be4 18. f5 exf5 19. Nxf5 Bxf5 20. Rxf5 d4 21. e3 dxe3 22.
Bxe3 Qxd1+ 23. Rxd1 Rfd8 24. Rdf1 Rf8 25. Bd5 Ne6 26. Bxb7 Rb8 27. Bxa6 Rxb2 28. Bc4 g6 29. Rxf7 Rxf7 30. Bxe6 Re2 31. Rxf7 Kh8 32. Bh6 Re1+ 33. Kg2 Bc5 34. Bg7+ 1-0

[Event "Early-Titled-Tuesday-Blitz-January-30-2024"]
[Site "Chess.com"]
[Date "2024.01.30"]
[Round "2"]
[White "Irishchessman16"]
[Black "Ati1517"]
[Result "1-0"]
[WhiteElo "2517"]
[BlackElo "2242"]
[TimeControl "180+1"]
[EndTime "8:18:51 PST"]
[Termination "Irishchessman16 won by resignation"]

1. e4 c5 2. Nf3 d6 3. c3 Nf6 4. Be2 Nc6 5. d4 cxd4 6. cxd4 Nxe4 7. d5 Qa5+ 8. Nc3 Nxc3 9. bxc3 Ne5 10. O-O Nxf3+ 11.
Bxf3 Bd7 12. Re1 g6 13. Qd4 Rg8 14. Bg5 Qb6 15. Qh4 O-O-O 16. Bxe7 Bxe7 17. Rxe7 Rge8 18. Rxf7 Qb2 19. Rd1 g5 20. Qxg5 Ba4 21. Qg4+ Bd7 22. Qc4+ Kb8 23. Qb4 Qxb4 24. cxb4 Ba4 25. Rc1 Rc8 26.
Rxc8+ Rxc8 27. h3 Rc1+ 28. Kh2 Bc2 29. Rf6 Bg6 30. Rxd6 Rc4 31. b5 Rc1 32. Rd7 Be8 33. Rd8+ Rc8 34. Rxc8+ Kxc8 35. a4 a6 36. bxa6 bxa6 37.
a5 Kd7 38. Be2 Kd6 39. Bxa6 Kxd5 40. Bb7+ Kd6 41. a6 Kc7 42. Kg3 Bg6 43. Kf4 Kb6 44. Be4 Bf7 45. Bxh7 Kxa6 46. h4 Kb6 47. g4 Kc6 48. h5 Kd6 49. Bf5 Ke7 50. h6 Kf8 51. g5 Kg8 52. g6 Bd5 53. Kg5 Bc4 54. Kf6 Bd5 55. Be6+ Bxe6 56. Kxe6 Kh8 57. Kf5 Kg8 58. g7 Kh7 59. Kf6 Kg8 60. h7+ Kxh7 61. Kf7 1-0

[Event "Early-Titled-Tuesday-Blitz-January-30-2024"]
[Site "Chess.com"]
[Date "2024.01.30"]
[Round "2"]
[White "Trojan-Knight"]
[Black "shirovin"]
[Result "1-0"]
[WhiteElo "2683"]
[BlackElo "2038"]
[TimeControl "180+1"]
[EndTime "8:18:54 PST"]
[Termination "Trojan-Knight won on time"]

1. d4 Nf6 2. c4 g6 3. Nc3 d5 4. Nf3 Bg7 5. cxd5 Nxd5 6. Bd2 Nxc3 7. Bxc3 c5 8. e3 O-O 9. Rc1 cxd4 10. Nxd4 e5 11. Nb5 Bd7 12. Bb4 Re8 13. Nc7 Re6 14.
Nxe6 fxe6 15. Bc4 Nc6 16. Bc3 Na5 17. Be2 Nc6 18. O-O Qe7 19. Qb3 b6 20. Bf3 Rc8 21. Rfd1 h6 22. Bg4 Kh7 23. Rxd7 Qxd7 24. Bxe6 Qd8 25.
Bxc8 Qxc8 26. Be1 Qd7 27. Qa4 Nb8 28. Qxd7 Nxd7 29. Rc7 Nc5 30. Rxa7 e4 31. Bc3 Ne6 32. Bxg7 Nxg7 33. a4 Kg8 34. Rxg7+ Kxg7 35. b4 1-0

[Event "Early-Titled-Tuesday-Blitz-January-30-2024"]
[Site "Chess.com"]
[Date "2024.01.30"]
[Round "2"]
[White "SahibSinghKnight"]
[Black "LiemLe"]
[Result "0-1"]
[WhiteElo "2656"]
[BlackElo "3098"]
[TimeControl "180+1"]
[EndTime "8:18:55 PST"]
[Termination "LiemLe won on time"]

1. e4 c5 2. Nf3 Nc6 3. d4 cxd4 4.
Nxd4 e5 5. Nb5 d6 6. N1c3 a6 7. Na3 Be6 8. Nc4 Rb8 9. Ne3 Nf6 10. f3 g6 11. Ned5 Nh5 12. Be3 Bg7 13. Bb6 Qd7 14. Nc7+ Kf8 15. N7d5 Nd4 16. Qd2 Rc8 17. Bd3 Nf6 18.
Nxf6 Bxf6 19. Bxd4 exd4 20. Ne2 d5 21. O-O dxe4 22. fxe4 Kg7 23. Qf4 Qd8 24. Rf3 Rc5 25.
b4 Bg5 26. Qg3 Rc6 27. Qe5+ Bf6 28. Qf4 Re8 29. e5 Bg5 30. Qxd4 Rc7 31. a3 Qxd4+ 32.
Nxd4 Bd5 33. Rg3 Bf4 34. Rg4 Bxe5 35. Nf5+ Kf8 0-1

[Event "Early-Titled-Tuesday-Blitz-January-30-2024"]
[Site "Chess.com"]
[Date "2024.01.30"]
[Round "2"]
[White "vladislavkovalev"]
[Black "Let_it_be_1"]
[Result "1-0"]
[WhiteElo "2859"]
[BlackElo "2572"]
[TimeControl "180+1"]
[EndTime "8:18:56 PST"]
[Termination "vladislavkovalev won by checkmate"]

1. e4 e6 2. d4 d5 3. Nd2 Nf6 4.
e5 Nfd7 5. Bd3 c5 6. c3 Nc6 7.
Ne2 f6 8. exf6 Nxf6 9. Nf3 Bd6 10. O-O Qc7 11. dxc5 Bxc5 12. b4 Bd6 13. b5 Na5 14. Qa4 O-O 15. Bf4 Nc4 16. Bxd6 Nxd6 17. Ne5 Nde4 18. f4 Qb6+ 19. Qd4 Nxc3 20. Qxb6 Nxe2+ 21. Bxe2 axb6 22. Rfc1 Ne4 23. g3 Nc5 24. a4 Nb3 25. Bg4 Kh8 26. Bd1 Nxc1 27. Rxc1 g5 28. fxg5 Rf5 29.
Nf3 e5 30. g4 Rf4 31. Nxe5 Be6 32. Rc7 Re8 33. Bc2 Bg8 34. g6 Be6 35. gxh7 Rd4 36.
Ng6# 1-0

[Event "Early-Titled-Tuesday-Blitz-January-30-2024"]
[Site "Chess.com"]
[Date "2024.01.30"]
[Round "2"]
[White "vesalhamedinia"]
[Black "pedro_gines"]
[Result "0-1"]
[WhiteElo "2502"]
[BlackElo "2773"]
[TimeControl "180+1"]
[EndTime "8:18:57 PST"]
[Termination "pedro_gines won by checkmate"]

1. d4 Nf6 2. c4 e6 3. Nf3 a6 4. a3 b5 5. e3 bxc4 6. Bxc4 Be7 7. O-O O-O 8. Nc3 d5 9. Bd3 c5 10. dxc5 Bxc5 11. b4 Be7 12. Bb2 Nbd7 13. Rc1 Bb7 14.
h3 Bd6 15. Re1 Qe7 16. Nd4 Ne5 17. Na4 Nxd3 18. Qxd3 Ne4 19. Nc3 f5 20. Nce2 e5 21. Nf3 Rad8 22. Qb3 Kh8 23. Red1 Bb8 24. a4 Ng5 25.
Nxg5 Qxg5 26. f4 Qh5 27. Ng3 Qg6 28. Ne2 d4 29. g3 Bf3 30. Kf2 Bxe2 31. Kxe2 Qxg3 32.
Rg1 Qh2+ 33. Kf1 d3 34. fxe5 Qe2# 0-1

[Event "Early-Titled-Tuesday-Blitz-January-30-2024"]
[Site "Chess.com"]
[Date "2024.01.30"]
[Round "2"]
[White "atwalcb"]
[Black "Attacks_Hurricane"]
[Result "0-1"]
[WhiteElo "2495"]
[BlackElo "2251"]
[TimeControl "180+1"]
[EndTime "8:18:58 PST"]
[Termination "Attacks_Hurricane won by checkmate"]

1. d4 f5 2. e4 fxe4 3. Nc3 Nf6 4. Bg5 Nc6 5. Bxf6 exf6 6. d5 Ne5 7. Nxe4 f5 8. Ng3 d6 9. f4 Ng6 10. Qd2 Be7 11.
Nf3 O-O 12. Bd3 Nh4 13. O-O Nxf3+ 14. Rxf3 Bf6 15. c3 g6 16. Re1 Qd7 17. Rfe3 Qf7 18. Bb5 a6 19. Ba4 b5 20. Bb3 Bd7 21. Ne2 Kh8 22.
Nd4 g5 23. Ne6 Bxe6 24. Rxe6 gxf4 25. Qxf4 Rg8 26. g3 Raf8 27. Bc2 Be5 28. Qf3 Rg5 29. Kh1 Rfg8 30. Rf1 Bxg3 31. hxg3 Rxg3 32. Qxf5 Qg7 33. Qxh7+ Qxh7+ 34. Bxh7 Rh3# 0-1

[Event "Early-Titled-Tuesday-Blitz-January-30-2024"]
[Site "Chess.com"]
[Date "2024.01.30"]
[Round "2"]
[White "Zheenbekov86"]
[Black "deepfear"]
[Result "1-0"]
[WhiteElo "2450"]
[BlackElo "1938"]
[TimeControl "180+1"]
[EndTime "8:18:58 PST"]
[Termination "Zheenbekov86 won by checkmate"]

1. d4 Nf6 2. Nf3 g6 3. c4 Bg7 4. Nc3 O-O 5. g3 d6 6. Bg2 Nc6 7. O-O Rb8 8. d5 Na5 9. Nd2 c5 10. e4 e5 11. Qc2 a6 12. a3 b5 13. b4 Nxc4 14. Nxc4 bxc4 15. bxc5 dxc5 16. h3 Bd7 17.
Be3 Qc7 18. f4 Nh5 19. f5 Nxg3 20. f6 Nxf1 21. Rxf1 Bh8 22. Qd2 Rfe8 23. Bh6 Qd6 24. Qf2 Rb3 25. Bg7 Bxh3 26. Bxh3 Rxc3 27. Qh4 Bxg7 28.
fxg7 Kxg7 29. Be6 Re7 30. Qf6+ Kf8 31. Qh8# 1-0

[Event "Early-Titled-Tuesday-Blitz-January-30-2024"]
[Site "Chess.com"]
[Date "2024.01.30"]
[Round "2"]
[White "BJthechessgod"]
[Black "IMRosen"]
[Result "1-0"]
[WhiteElo "2419"]
[BlackElo "2717"]
[TimeControl "180+1"]
[EndTime "8:18:59 PST"]
[Termination "BJthechessgod won on time"]

1. e4 e5 2. Nf3 Nf6 3. Nxe5 Nc6 4.
Nxc6 dxc6 5. Nc3 Bc5 6. Be2 Qd4 7. O-O h5 8. d3 Ng4 9. Bxg4 hxg4 10. Ne2 Qf6 11.
d4 Bd6 12. e5 Qh4 13. Bf4 Be7 14. Bg3 Qh7 15. Qd2 Bf5 16. Rac1 O-O-O 17. c4 Qg6 18. d5 Rh6 19. d6 Bg5 20. Nf4 Qh7 21. Qa5 cxd6 22. exd6 Rdxd6 23. Rcd1 Rxh2 24. Bxh2 Rh6 25.
Nd5 b6 26. Nxb6+ 1-0

[Event "Early-Titled-Tuesday-Blitz-January-30-2024"]
[Site "Chess.com"]
[Date "2024.01.30"]
[Round "2"]
[White "IlanSchnaider"]
[Black "VitaliyChayka"]
[Result "0-1"]
[WhiteElo "2652"]
[BlackElo "2405"]
[TimeControl "180+1"]
[EndTime "8:18:59 PST"]
[Termination "VitaliyChayka won on time"]

1. e4 d6 2. d4 Nf6 3. Nc3 e5 4. Nf3 Nbd7 5. Bc4 Be7 6. O-O O-O 7. a4 a5 8. h3 c6 9. Re1 exd4 10. Nxd4 Nc5 11.
Bf4 Be6 12. Nxe6 fxe6 13. e5 Nd5 14. Bg3 Nxc3 15. bxc3 d5 16. Bd3 Nxd3 17. cxd3 b5 18. Qg4 Qd7 19. h4 b4 20. c4 Rab8 21. h5 h6 22. Bf4 Kh8 23. Be3 Rf5 24. Qg6 d4 25. Bxh6 gxh6 26. Qxh6+ Kg8 27. Re4 Rg5 28. Rf1 Rf8 29. f4 Rg7 30. f5 Rxf5 31. Rxf5 exf5 32.
Re2 Bg5 33. Qd6 Qxd6 34. exd6 Be3+ 35. Kf1 Rd7 36. c5 f4 37. Rc2 Rb7 38. Ke2 b3 39. Rb2 Bc1 40. d7 Rxd7 41. Rxb3 Re7+ 42. Kf3 Re3+ 43.
Kg4 Rg3+ 44. Kf5 Rxg2 45. Rb8+ Kh7 46. Rb7+ Rg7 47. Rb1 Be3 48. h6 Rg6 0-1

[Event "Early-Titled-Tuesday-Blitz-January-30-2024"]
[Site "Chess.com"]
[Date "2024.01.30"]
[Round "2"]
[White "jefferyx"]
[Black "Alexei_Gubajdullin"]
[Result "1/2-1/2"]
[WhiteElo "2980"]
[BlackElo "2624"]
[TimeControl "180+1"]
[EndTime "8:19:00 PST"]
[Termination "Game drawn by repetition"]

1. e4 e5 2. Nf3 Nf6 3. Nc3 Bb4 4.
Nxe5 O-O 5. Nd3 Bxc3 6. dxc3 Nxe4 7. Be2 Re8 8. O-O d6 9. Re1 Nd7 10. Be3 Ndf6 11. c4 b6 12. Bf1 Bb7 13. f3 Nc5 14.
Nxc5 bxc5 15. c3 Nd7 16. b4 Qf6 17. Qd2 Ne5 18. Bf4 Ng6 19. Bg3 h5 20. h3 h4 21. Bh2 cxb4 22. cxb4 Ne5 23. Rac1 Qg6 24. Kh1 Qf5 25. c5 Rad8 26. cxd6 Rxd6 27. Qf2 Rde6 28. Bxe5 Rxe5 29. Qxh4 Rxe1 30. Rxe1 Rxe1 31. Qxe1 Qf4 32.
Bd3 g6 33. Be4 Bc8 34. Qc3 Be6 35. a4 Qd6 36. Bc2 Qf4 37. Be4 Qd6 38. Bc2 Qf4 39. Bd3 Qe3 40. Qc2 Qe1+ 41. Kh2 Qe5+ 42. Kh1 Qe1+ 43.
Kh2 Qe5+ 44. Kg1 Qe1+ 45. Kh2 1/2-1/2

[Event "Early-Titled-Tuesday-Blitz-January-30-2024"]
[Site "Chess.com"]
[Date "2024.01.30"]
[Round "2"]
[White "EdmundPlayer"]
[Black "oganromchess"]
[Result "1-0"]
[WhiteElo "2274"]
[BlackElo "2511"]
[TimeControl "180+1"]
[EndTime "8:19:00 PST"]
[Termination "EdmundPlayer won on time"]

1. Nc3 e6 2. e4 d5 3. d4 Nf6 4.
Bg5 Bb4 5. exd5 Qxd5 6. Nf3 Ne4 7. Bd2 Bxc3 8. bxc3 b5 9. Bd3 Bb7 10. Qe2 Nxd2 11.
Nxd2 Qxg2 12. O-O-O a6 13. Rhg1 Qd5 14. Be4 Qxa2 15.
Bxb7 Qa3+ 16. Kb1 Ra7 17. Be4 Qxc3 18. Nb3 g6 19. d5 e5 20. f4 Nd7 21. Qf2 Nb6 22. Rg3 Qb4 23. Re1 Nc4 24. Bd3 O-O 25. Reg1 exf4 26. Rg4 Na3+ 27. Kb2 1-0

[Event "Early-Titled-Tuesday-Blitz-January-30-2024"]
[Site "Chess.com"]
[Date "2024.01.30"]
[Round "2"]
[White "wannabe2700"]
[Black "Zhigalko_Sergei"]
[Result "0-1"]
[WhiteElo "2613"]
[BlackElo "2966"]
[TimeControl "180+1"]
[EndTime "8:19:01 PST"]
[Termination "Zhigalko_Sergei won on time"]

1. b3 e5 2. Bb2 e4 3. c4 Nf6 4.
Nc3 Nc6 5. g3 Bb4 6. Nd5 Be7 7.
Bg2 O-O 8. Nh3 d6 9. Nhf4 Bf5 10. O-O Re8 11. b4 Nxd5 12. Nxd5 Bf8 13. Qb3 Ne5 14.
f4 exf3 15. exf3 Nd3 16. Bc3 h6 17. Ne3 Bh7 18. f4 c6 19. f5 Qg5 20. Kh1 Rad8 21. Bxg7 Bxg7 22. Qxd3 Bxa1 23. Rxa1 d5 24. cxd5 cxd5 25.
Rf1 d4 26. Nd5 Qg7 27. Qf3 Qe5 28. Qg4+ Kh8 29. f6 Rg8 30. Qf3 Rd6 31. Ne7 Rf8 32. d3 Re6 0-1

[Event "Early-Titled-Tuesday-Blitz-January-30-2024"]
[Site "Chess.com"]
[Date "2024.01.30"]
[Round "2"]
[White "FM_VS99"]
[Black "Heinza9"]
[Result "1-0"]
[WhiteElo "2550"]
[BlackElo "2324"]
[TimeControl "180+1"]
[EndTime "8:19:01 PST"]
[Termination "FM_VS99 won on time"]

1. d4 f5 2. Bg5 h6 3. Bh4 g5 4. e3 Nf6 5. Bg3 Bg7 6. Nc3 d6 7. h4 g4 8. Bc4 Nh5 9. Nge2 e6 10. Nf4 Nxf4 11. exf4 d5 12. Bb5+ c6 13. Ba4 Qb6 14. Bb3 Qxd4 15. Qe2 O-O 16. O-O h5 17. Rad1 Qf6 18.
f3 Na6 19. Bf2 c5 20. Rfe1 c4 21. Ba4 Qf7 22. Bb5 Nc7 23. Bxc4 dxc4 24. Qxc4 Nd5 25.
Nb5 Qd7 26. fxg4 hxg4 27. g3 a6 28. Nd4 b5 29. Qe2 Bxd4 30. Bxd4 Rf7 31. Qe5 Rh7 32. b3 a5 33. c4 bxc4 34. bxc4 1-0

[Event "Early-Titled-Tuesday-Blitz-January-30-2024"]
[Site "Chess.com"]
[Date "2024.01.30"]
[Round "2"]
[White "Kiborg95"]
[Black "RandomNoob04"]
[Result "1-0"]
[WhiteElo "2841"]
[BlackElo "2564"]
[TimeControl "180+1"]
[EndTime "8:19:02 PST"]
[Termination "Kiborg95 won by resignation"]

1. e4 e5 2. Nf3 Nf6 3. d3 Nc6 4.
c3 d5 5. Nbd2 g6 6. b3 Bg7 7. Ba3 d4 8. cxd4 exd4 9. Be2 Ne7 10. Rc1 O-O 11. O-O Nd7 12. Qc2 b6 13. Qxc7 Qxc7 14. Rxc7 Re8 15. Nc4 Nd5 16. exd5 Rxe2 17.
Nd6 Rxa2 18. Bc1 Ba6 19. Rxd7 Bxd3 20. Re1 Be2 21. Nxf7 d3 22. Nh6+ Kh8 23. Ng5 Rf8 24. Ngf7+ Rxf7 25. Nxf7+ Kg8 26. Nh6+ Bxh6 27. Bxh6 d2 28.
Bxd2 Rxd2 29. d6 Kf8 30. Rxa7 Rxd6 31. Rxh7 Rd3 32. Rh3 Rd2 33. Re3 Bg4 34. h3 Bf5 35.
Rf3 Kg7 36. Kh2 Rb2 37. Kg3 b5 38. Ree3 b4 39. Rf4 1-0

[Event "Early-Titled-Tuesday-Blitz-January-30-2024"]
[Site "Chess.com"]
[Date "2024.01.30"]
[Round "2"]
[White "monomita"]
[Black "GAO"]
[Result "1-0"]
[WhiteElo "2784"]
[BlackElo "2409"]
[TimeControl "180+1"]
[EndTime "8:19:02 PST"]
[Termination "monomita won on time"]

1. e4 c5 2. Nf3 Nc6 3. c3 Nf6 4. e5 Nd5 5. Bc4 Nb6 6. Bb3 d6 7. exd6 Qxd6 8. O-O Bf5 9. d4 cxd4 10. Nxd4 Nxd4 11.
cxd4 e6 12. Nc3 Be7 13. Qf3 Qc6 14. d5 Qd7 15. Rd1 exd5 16. Bxd5 Nxd5 17. Rxd5 Qe6 18.
Bd2 Bg4 19. Qg3 Kf8 20. Re1 Qg6 21. Rxe7 Kxe7 22. Qc7+ Ke8 23. Rg5 Qe6 24. Re5 Kf8 25. Rxe6 Bxe6 26. Qxb7 Rd8 27. Ne4 Bd5 28. Bb4+ Kg8 29.
Qe7 Rc8 30. Nc3 1-0

[Event "Early-Titled-Tuesday-Blitz-January-30-2024"]
[Site "Chess.com"]
[Date "2024.01.30"]
[Round "2"]
[White "xakevicius91"]
[Black "GMKrikor"]
[Result "1-0"]
[WhiteElo "2567"]
[BlackElo "2787"]
[TimeControl "180+1"]
[EndTime "8:19:03 PST"]
[Termination "xakevicius91 won on time"]

1. e4 e6 2. d4 d5 3. Nd2 c5 4. exd5 Qxd5 5. Ngf3 cxd4 6. Bc4 Qd7 7.
O-O Nc6 8. Qe2 a6 9. a4 Nf6 10. Nb3 Bd6 11. Rd1 O-O 12. Nbxd4 e5 13. Nxc6 Qxc6 14.
Bg5 Bc7 15. h3 h6 16. Bh4 Re8 17. Bb5 axb5 18. axb5 Rxa1 19. bxc6 Rxd1+ 20. Qxd1 bxc6 21. Bxf6 gxf6 22. Qe2 Be6 23. Nd2 f5 24. Nc4 e4 25.
g3 Rd8 26. Ne3 f4 27. gxf4 Bxf4 28. Qh5 Kh7 29. Qh4 Bg5 30. Qxe4+ Kg8 31. Qxc6 Rd2 32. Qf3 Kf8 33. b4 Rd4 34. b5 Rb4 35. Qc6 Bxh3 36. b6 Kg8 37. b7 Bf4 38. Qc8+ Kh7 39. Qxh3 1-0